 Dungeon Crawl Stone Soup version 0.30-a0-305-g026cb31310 (webtiles) character file.

Game seed: 6513207211570819830

2957242 Angani the Rhythm of Life and Death (level 27, 273/273 HPs)
             Began as a Pale Draconian Gladiator on Oct 19, 2022.
             Was a Follower of Uskayaw.
             Escaped with the Orb
             ... and 5 runes on Oct 20, 2022!
             The game lasted 03:40:20 (78202 turns).

Angani the Rhythm of Life and Death (DrGl)         Turns: 78202, Time: 03:40:21

Health: 273/273    AC: 19    Str: 21    XL:     27
Magic:  40/40      EV: 36    Int:  5    God:    Uskayaw [*.....]
Gold:   4496       SH: 42    Dex: 29    Spells: 26/26 levels left

rFire   + + +      SeeInvis +    a - +9 demon blade (elec)
rCold   + . .      Faith    .    J - +8 tower shield {AC+3}
rNeg    + + .      Spirit   .    (body armour unavailable)
rPois   +          Reflect  +    c - -2 hat of the Alchemist {rElec rPois rF+ rC+ rN+ Will+ rMut rCorr}
rElec   +          Harm     .    d - scarf {shadows}
rCorr   +          Rampage  .    s - +1 pair of gloves of Restlessness {rC++ Will++ Stlth-}
rMut    +                        W - +2 pair of boots {Fly}
Will    +++++                    Q - amulet "Wupoh" {Reflect rF++ SH+5 Stlth+}
Stlth   ++........               Z - ring of Veulliph {Fire rPois Will+ Int-3 Dex+3}
HPRegen 0.65/turn                w - ring of Megalomania {rN+ Str+3 SInv}
MPRegen 0.27/turn

@: flying, studying Translocations
A: breathe steam, AC +13, unfitting armour, cold-blooded, steam resistance,
horns 1, deterioration 1, cold vulnerability 1, subdued magic 1, MP-powered
wands
0: Orb of Zot
}: 5/15 runes: decaying, serpentine, slimy, silver, abyssal
a: Breathe Steam, Renounce Religion, Stomp


You escaped.
You worshipped Uskayaw.
Uskayaw was exalted by your worship.
You visited 13 branches of the dungeon, and saw 57 of its levels.
You visited the Abyss 4 times.
You visited 1 bazaar.
You also visited: Trove, Sewer, Ice Cave and Wizlab.

You collected 9106 gold pieces.
You spent 4610 gold pieces at shops.

Inventory:

Hand Weapons
 a - a +9 demon blade of electrocution (weapon)
 b - a +6 eudemon blade of holy wrath
Armour
 c - the -2 hat of the Alchemist (worn) {rElec rPois rF+ rC+ rN+ Will+ rMut rCorr}
   (You found it in a wizard's laboratory)

   rF:        It protects you from fire.
   rC:        It protects you from cold.
   rElec:     It insulates you from electricity.
   rPois:     It protects you from poison.
   rN:        It protects you from negative energy.
   rCorr:     It protects you from acid and corrosion.
   rMut:      It protects you from mutation.
   Will:      It increases your willpower.
 d - a scarf of shadows (worn)
 s - the +1 pair of gloves of Restlessness (worn) {rC++ Will++ Stlth-}
   (You acquired it on level 8 of the Dungeon)

   rC:        It greatly protects you from cold.
   Will:      It greatly increases your willpower.
   Stlth:     It makes you less stealthy.
 B - a +2 hat of see invisible
 J - a +8 tower shield of protection (worn)
 W - a +2 pair of boots of flying (worn)
Jewellery
 w - the ring of Megalomania (right hand) {rN+ Str+3 SInv}
   (You found it on level 3 of the Crypt)

   [ring of positive energy]

   Str:       It affects your strength (+3).
   rN:        It protects you from negative energy.
   SInv:      It lets you see invisible.
 N - the macabre finger necklace {rN+}
   (You took it off a deep elf zephyrmancer on level 3 of the Elven Halls)

   [amulet of nothing]

   It enables you to equip an extra ring.
   rN:        It protects you from negative energy.
 Q - the amulet "Wupoh" (around neck) {Reflect rF++ SH+5 Stlth+}
   (You acquired it on level 1 of the Lair of Beasts)

   [amulet of reflection]

   It reflects blocked missile attacks.
   rF:        It greatly protects you from fire.
   SH:        It affects your SH (+5).
   Stlth:     It makes you more stealthy.
 X - a +6 ring of dexterity
 Z - the ring of Veulliph (left hand) {Fire rPois Will+ Int-3 Dex+3}
   (You found it in an ice cave)

   [ring of fire]

   It enhances your fire magic.
   Int:       It affects your intelligence (-3).
   Dex:       It affects your dexterity (+3).
   rF:        It protects you from fire.
   rC:        It makes you vulnerable to cold.
   rPois:     It protects you from poison.
   Will:      It increases your willpower.
Wands
 h - a wand of light (3)
 v - a wand of roots (40)
 y - a wand of polymorph (21)
 F - a wand of flame (10)
 H - a wand of digging (12)
 L - a wand of charming (23)
 P - a wand of mindburst (53)
Scrolls
 e - 11 scrolls of fear
 g - 28 scrolls of teleportation
 j - 11 scrolls of immolation
 l - 9 scrolls of poison
 q - 3 scrolls of silence
 t - 7 scrolls of torment
 u - 10 scrolls of summoning
 x - 6 scrolls of amnesia
 z - 6 scrolls of blinking
 D - 6 scrolls of butterflies
 E - 3 scrolls of enchant armour
 G - 3 scrolls of brand weapon
 I - 4 scrolls of magic mapping
 R - 6 scrolls of vulnerability
Potions
 f - 30 potions of curing
 i - 10 potions of heal wounds
 k - 7 potions of resistance
 m - 2 potions of haste
 n - 9 potions of brilliance
 o - 13 potions of attraction
 r - 7 potions of might
 A - 8 potions of berserk rage
 K - 26 potions of mutation
 O - 5 potions of magic
 S - 4 potions of invisibility
 U - 10 potions of lignification
 V - 4 potions of ambrosia


   Skills:
 O Level 27 Fighting
 - Level 14.0 Long Blades
 - Level 1.7 Throwing
 - Level 21.7 Dodging
 - Level 10.0 Stealth
 + Level 26.2 Shields
 O Level 27 Invocations


You had 26 spell levels left.
You didn't know any spells.
Your spell library contained the following spells:

 Spells                   Type           Power      Damage    Failure   Level
 Apportation              Tloc           0%         N/A       45%         1
 Beastly Appendage        Tmut           0%         N/A       45%         1
 Freeze                   Ice            0%         1d3       45%         1
 Magic Dart               Conj           0%         1d3       45%         1
 Necrotise                Necr           0%         1d4       45%         1
 Sandblast                Erth           0%         2d4       45%         1
 Slow                     Hex            0%         N/A       45%         1
 Sting                    Tmut/Pois      0%         1d3       45%         1
 Cigotuvi's Dreadful Rot  Necr/Pois/Air  0%         N/A       61%         2
 Ensorcelled Hibernation  Hex/Ice        0%         N/A       61%         2
 Passwall                 Tmut/Erth      0%         N/A       61%         2
 Poisonous Vapours        Pois/Air       0%         N/A       61%         2
 Searing Ray              Conj           0%         2d4       61%         2
 Static Discharge         Conj/Air       0%         2-2/arc   61%         2
 Sublimation of Blood     Necr           0%         N/A       61%         2
 Wereblood                Tmut           0%         N/A       61%         2
 Confusing Touch          Hex            0%         N/A       83%         3
 Dazzling Flash           Conj/Hex       0%         N/A       83%         3
 Frozen Ramparts          Ice            0%         1d1       83%         3
 Gell's Gravitas          Tloc           0%         N/A       83%         3
 Hailstorm                Conj/Ice       0%         3d3       83%         3
 Ignite Poison            Fire/Tmut/Pois 0%         N/A       83%         3
 Inner Flame              Hex/Fire       0%         N/A       83%         3
 Kindle Blastsparks       Fire/Tloc/Air  0%         2d10      83%         3
 Mephitic Cloud           Conj/Pois/Air  0%         N/A       83%         3
 Portal Projectile        Hex/Tloc       0%         N/A       83%         3
 Spider Form              Tmut/Pois      0%         N/A       83%         3
 Stone Arrow              Conj/Erth      0%         3d7       83%         3
 Summon Guardian Golem    Hex/Summ       0%         N/A       83%         3
 Swiftness                Air            0%         N/A       83%         3
 Teleport Other           Tloc           0%         N/A       83%         3
 Tukima's Dance           Hex            0%         N/A       83%         3
 Vampiric Draining        Necr           0%         2d6       83%         3
 Vhi's Electric Charge    Tloc/Air       0%         N/A       83%         3
 Airstrike                Air            0%         2d(0-16)  99%         4
 Anguish                  Hex/Necr       0%         N/A       99%         4
 Animate Dead             Necr           0%         N/A       99%         4
 Cause Fear               Hex            0%         N/A       99%         4
 Flame Wave               Conj/Fire      0%         2d4       99%         4
 Fulminant Prism          Conj/Hex       0%         3d6       99%         4
 Ice Form                 Ice/Tmut       0%         N/A       99%         4
 Iskenderun's Mystic Bla  Conj/Tloc      0%         2d3       99%         4
 Olgreb's Toxic Radiance  Pois           0%         N/A       99%         4
 Petrify                  Tmut/Erth      0%         N/A       99%         4
 Sticky Flame             Conj/Fire      0%         2d3       99%         4
 Summon Ice Beast         Ice/Summ       0%         N/A       99%         4
 Summon Lightning Spire   Summ/Air       0%         N/A       99%         4
 Agony                    Necr           0%         N/A       100%        5
 Alistair's Intoxication  Tmut/Pois      0%         N/A       100%        5
 Arcjolt                  Conj/Air       0%         1d10      100%        5
 Blade Hands              Tmut           0%         N/A       100%        5
 Borgnjor's Vile Clutch   Necr/Erth      0%         N/A       100%        5
 Fireball                 Conj/Fire      0%         3d3       100%        5
 Freezing Cloud           Conj/Ice/Air   0%         6-21      100%        5
 Irradiate                Conj/Tmut      0%         3d11      100%        5
 Iskenderun's Battlesphe  Conj           0%         2d6       100%        5
 Lee's Rapid Deconstruct  Erth           0%         3d4*      100%        5
 Lightning Bolt           Conj/Air       0%         1d11      100%        5
 Metabolic Englaciation   Hex/Ice        0%         N/A       100%        5
 Silence                  Hex/Air        0%         N/A       100%        5
 Summon Forest            Summ/Tloc      0%         N/A       100%        5
 Summon Mana Viper        Hex/Summ       0%         N/A       100%        5
 Yara's Violent Unravell  Hex/Tmut       0%         3d3       100%        5
 Conjure Ball Lightning   Conj/Air       0%         3x3d6     100%        6
 Death Channel            Necr           0%         N/A       100%        6
 Dispersal                Tloc           0%         N/A       100%        6
 Eringya's Noxious Bog    Tmut/Pois      0%         N/A       100%        6
 Iron Shot                Conj/Erth      0%         9d1       100%        6
 Simulacrum               Ice/Necr       0%         N/A       100%        6
 Statue Form              Tmut/Erth      0%         N/A       100%        6
 Summon Cactus Giant      Summ           0%         N/A       100%        6
 Dragon Form              Tmut           0%         N/A       100%        7
 Enfeeble                 Hex            0%         N/A       100%        7
 Monstrous Menagerie      Summ           0%         N/A       100%        7
 Orb of Destruction       Conj           0%         9d5       100%        7
 Ozocubu's Refrigeration  Ice            0%         4d7       100%        7
 Spellforged Servitor     Conj/Summ      0%         N/A       100%        7
 Storm Form               Tmut/Air       0%         N/A       100%        7
 Borgnjor's Revivificati  Necr           0%         N/A       100%        8
 Discord                  Hex            0%         N/A       100%        8
 Disjunction              Tloc           0%         N/A       100%        8
 Ignition                 Fire           0%         3d3       100%        8
 Infestation              Necr           0%         N/A       100%        8
 Lehudib's Crystal Spear  Conj/Erth      0%         10d2      100%        8
 Maxwell's Capacitive Co  Air            0%         ∞         100%        8
 Necromutation            Tmut/Necr      0%         N/A       100%        8
 Death's Door             Necr           0%         N/A       100%        9
 Dragon's Call            Summ           0%         N/A       100%        9
 Polar Vortex             Ice            0%         N/A       100%        9
 Animate Armour           Summ/Erth      Unusable   N/A       N/A         4

Dungeon Overview and Level Annotations

Branches:
Dungeon (15/15)            Temple (1/1) D:5            Lair (5/5) D:11
  Swamp (4/4) Lair:2        Snake (4/4) Lair:3        Slime (5/5) Lair:5
    Orc (2/2) D:10            Elf (3/3) Orc:2        Vaults (5/5) D:13
  Crypt (3/3) Vaults:2       Tomb (0/3) Crypt:3      Depths (4/4) D:15
   Hell (visited)             Dis (0/7) Hell            Geh (0/7) Hell
    Coc (0/7) Hell            Tar (0/7) Hell            Zot (5/5) Depths:4
  Sewer (visited)           IceCv (visited)          WizLab (visited)

Altars:
Ashenzari
Cheibriados
Dithmenos
Elyvilon
Fedhas
Gozag
Hepliaklqana
Kikubaaqudgha
Makhleb
Nemelex Xobeh
Okawaru
Qazlal
Ru
Sif Muna
Trog
Uskayaw
Vehumet
Wu Jian
Xom
Yredelemnul
Zin
The Shining One
Lugonu

Shops:
D:8 ?   D:9 *   D:10 *   Orc:1 [=[[   Orc:2 ([(   Elf:1 :   Elf:2 *[
Snake:3 [!   Snake:4 (?(:   Vaults:3 *   Depths:2 *

Portals:
Hell: Depths:1 Depths:2 Depths:3 Depths:4
Abyss: Lair:5 Depths:3 Depths:4
Pandemonium: Depths:2 Depths:4
Ziggurat: Depths:1

Annotations:
D:7 2 transporters, flt's ghost, novice DgTm
D:9 1 runed translucent door, niknal's ghost, novice TrWr
Elf:1 exclusion: downstairs
Elf:2 3 runed translucent doors, exclusions: 9 doors and 2 more exclusions
Elf:3 2 exclusions
Zot:2 1 runed translucent door, exclusion: door, Ocoxec's ghost, veteran AtGl


Innate Abilities, Weirdness & Mutations

You can breathe blasts of scalding, opaque steam.
Your pale cyan-grey scales are hard. (AC +13)
You cannot fit into any form of body armour.
You are cold-blooded and may be slowed by cold attacks.
You are immune to the effects of steam.
You have a pair of small horns on your head.
Your body sometimes deteriorates upon taking damage.
You are vulnerable to cold. (rC-)
Your spells are a little easier to cast, but a little less powerful.
You expend magic power (3 MP) to strengthen your wands.


Message History

You fly upwards.
There is a stone staircase leading down here.
There is an open door here.
A tormentor comes into view.
Aiming: Breathe Steam (0% risk of failure)
Press: ? - help, Shift-Dir - straight line, f - tormentor
Aim: a tormentor (70% to hit)
You exhale a blast of scalding steam.
Unknown command.
You slice the tormentor!!
Lightning courses through the tormentor!
You kill the tormentor!
No target in view!
You have got your breath back.
An Orb Guardian comes into view.
You hit the Orb Guardian.
Lightning courses through the Orb Guardian!
Your headbutt misses the Orb Guardian.
The Orb Guardian is moderately wounded.
You block the Orb Guardian's attack.
You hit the Orb Guardian.
Lightning courses through the Orb Guardian!
The Orb Guardian is heavily wounded.
You block the Orb Guardian's attack.
You hit the Orb Guardian.
Lightning courses through the Orb Guardian!
You headbutt the Orb Guardian.
You tail-slap the Orb Guardian, but do no damage.
The Orb Guardian is severely wounded.
You can now pass through a line of other dancers.
You hit the Orb Guardian.
The Orb Guardian is almost dead.
You block the Orb Guardian's attack.
You slash the Orb Guardian!
You kill the Orb Guardian!
No target in view!
No target in view!
There is an open gate here.
There is a staircase leading out of the dungeon here.
You have escaped!

#.#.#............................
..#.#............................
..#.#......#####.................
..#.#......#...#.................
....#......#.8.#######...........
....#......#.........#..♣.♣.♣.♣..
....#......##........##..........
....#..⌠....#.........'..........
....#...⌠...#...@.....'..........
....#..⌠....#.........'..........
#.#.#......##........##..........
#.#.#......#.........#..♣.♣.♣.♣..
#.#.#......#.8.#######...........
#.#.#......#...#.................
....#......#####.................
#.#..............................
#.#..............................


There were no monsters in sight!

Vanquished Creatures
  the Royal Jelly (Slime:5)
  3 dread liches
  3 ancient liches
  10 orbs of fire
  Mennas (Depths:4)
  A pandemonium lord (D:9)
  A juggernaut (Depths:3)
  Josephina (Zot:2)
  Parghit (Zot:3)
  Bai Suzhen (Snake:3)
  Margery (Crypt:2)
  the Lernaean hydra (Swamp:4)
  4 Killer Klowns
  Boris (twice) (Crypt:1 Vaults:4)
  Vv (Crypt:3)
  7 curse toes
  Geryon (Hell)
  15 golden dragons
  A mutant beast (WizLab)
  the Enchantress (Depths:3)
  Nikola (Swamp:2)
  4 bone dragons
  3 doom hounds (Depths:4)
  3 Tzitzimimeh
  4 electric golems
  A hellephant (Abyss:1)
  Grunn (Depths:4)
  9 liches
  Zenata (Crypt:1)
  Mlioglotl (Swamp:2)
  A walking earthen tome (Depths:3)
  28 Orb Guardians
  A walking divine tome (Depths:3)
  A tainted leviathan (Hell)
  19 tentacled monstrosities
  2 deep elf blademasters (Elf:3)
  2 deep elf master archers (Elf:3)
  An ancient champion (Crypt:2)
  14 acid blobs
  6 titans (Vaults:5)
  10 tentacled starspawn
  11 sphinxes
  10 death cobs
  13 quicksilver dragons
  Frances (Elf:1)
  Kirke (Swamp:2)
  Gastronok (Orc:1)
  A sphinx (shapeshifter) (Vaults:5)
  A thorn hunter (Swamp:4)
  22 storm dragons
  9 tengu reavers
  4 nagarajas (Snake:4)
  10 shadow dragons
  11 draconian monks
  8 azure jellies
  Donald (Vaults:1)
  A revenant (Crypt:1)
  11 rockslimes
  6 fire giants
  Roxanne (Elf:1)
  Aizul (Orc:2)
  6 frost giants
  2 cacodemons
  6 draconian knights
  6 iron dragons
  9 vault wardens
  7 draconian scorchers
  3 balrugs
  A ghost moth (Zot:3)
  5 deep elf sorcerers
  16 ironbound preservers
  3 deep elf elementalists
  4 orc warlords
  6 spriggan defenders
  6 draconian stormcallers
  A curse skull (Crypt:3)
  2 ghouls (Crypt:2)
  5 war gargoyles
  3 draconian annihilators
  24 very ugly things
  11 stone giants
  10 draconian shifters
  A broodmother (shapeshifter) (Vaults:4)
  8 reapers
  11 quicksilver oozes
  4 ironbound thunderhulks
  11 green draconians
  9 deep elf demonologists
  7 black draconians
  Nessos (D:15)
  4 vampire knights
  7 eleionomae
  4 deep elf annihilators
  A lorocyproca (Depths:4)
  22 dire elephants
  5 putrid mouths
  A spark wasp (Depths:2)
  5 red draconians (Zot:3)
  16 yellow draconians
  12 purple draconians
  Azrael (Orc:2)
  6 bunyips
  12 white draconians
  A green death (Hell)
  6 deep elf death magi
  9 ettins
  3 deep elf high priests
  4 fire dragons
  3 blizzard demons
  A crystal guardian (Vaults:4)
  2 entropy weavers (shapeshifter) (WizLab)
  4 jiangshi
  8 great orbs of eyes
  5 ice dragons
  A spriggan skeleton (Crypt:3)
  A kraken zombie (Hell)
  14 yaktaur captains
  3 salamander tyrants
  Fannar (Lair:2)
  25 vault guards
  A hell beast (Depths:2)
  8 rakshasas
  Harold (D:9)
  5 spriggan air magi
  A peacekeeper (Vaults:4)
  8 ironbound frosthearts
  3 ghost crabs
  11 anacondas
  An alligator (shapeshifter) (Depths:3)
  4 death knights
  A catoblepas (D:15)
  21 hydras
  An ogre mage (D:15)
  12 centaur warriors
  4 boulder beetles
  12 naga warriors
  6 alligators
  An anaconda (shapeshifter) (Lair:5)
  10 two-headed ogres
  A two-headed ogre (shapeshifter) (WizLab)
  22 dancing weapons
  A bennu skeleton (Crypt:1)
  4 death yaks (Lair:3)
  3 tengu warriors
  14 naga sharpshooters
  2 deep troll shamans
  31 hell knights
  4 vampire magi
  4 hell hogs
  6 deep troll earth magi
  3 orc high priests
  12 thrashing horrors
  A titan skeleton (Crypt:3)
  8 shock serpents
  9 spriggan berserkers
  15 deep elf knights
  9 sun demons
  5 soul eaters
  A salamander mystic (Snake:3)
  2 sixfirhies (Abyss:4)
  2 iron trolls (Hell)
  2 spriggan druids
  12 wretched stars
  A death drake (shapeshifter) (Depths:3)
  2 anaconda zombies
  38 skeletal warriors
  58 deep trolls
  4 glowing orange brains
  2 glowing orange brains (shapeshifter)
  4 goliath frogs
  A spatial maelstrom (Abyss:3)
  9 starcursed masses
  11 swamp dragons
  5 flayed ghosts
  2 kraken simulacra (Hell)
  19 ironbound convokers
  An orange crystal statue (Depths:3)
  8 phantasmal warriors
  An anaconda skeleton (Hell)
  17 deep elf archers
  8 bog bodies
  6 lindwurms (Vaults:1)
  11 wizards
  An iron dragon zombie (Crypt:3)
  An oklob plant (Lair:4)
  24 deep elf zephyrmancers
  9 necromancers
  8 orc knights
  5 naga ritualists
  3 orc sorcerers
  A harpy (shapeshifter) (WizLab)
  6 manticores
  9 mana vipers
  32 deep elf pyromancers
  4 shining eyes
  6 cyclopes
  A human zombie (Vaults:4)
  26 moths of wrath
  16 salamanders
  A moth of wrath (shapeshifter) (Lair:5)
  A shadow dragon skeleton (Crypt:1)
  2 will-o-the-wisps
  4 worldbinders
  47 ugly things
  A goliath frog skeleton (Crypt:2)
  22 black mambas
  11 elephants
  2 centaur zombies (Crypt:3)
  22 naga magi
  2 rust devils
  3 guardian serpents
  2 ice statues (IceCv)
  A guardian serpent (shapeshifter) (WizLab)
  13 smoke demons
  2 apocalypse crabs
  8 cane toads
  2 orange demons
  A titan simulacrum (Abyss:3)
  4 molten gargoyles
  22 vault sentinels
  A fire giant skeleton (Crypt:2)
  2 cane toads (shapeshifter) (WizLab)
  5 gargoyles
  2 black mambas (shapeshifter) (WizLab)
  6 eyes of devastation
  A centaur skeleton (Crypt:3)
  A naga skeleton (Crypt:3)
  4 rime drakes
  3 storm dragon simulacra
  46 yaktaurs
  4 hellions
  A dire elephant skeleton (Crypt:3)
  2 sea snake zombies
  2 kobold demonologists
  An unseen horror (shapeshifter) (WizLab)
  2 tormentors
  A steelbarb worm zombie (Crypt:2)
  3 tengu conjurers
  11 komodo dragons
  3 hellwings (Abyss:3)
  2 elves (WizLab)
  4 ancient zymes
  3 freezing wraiths
  6 trolls
  5 red devils
  A harpy zombie (D:14)
  A meliai (shapeshifter) (WizLab)
  2 meliai (Abyss:4)
  7 polar bears
  A queen bee (Abyss:4)
  A polar bear (shapeshifter) (WizLab)
  A hydra zombie (Hell)
  3 bloated husks
  A queen bee (shapeshifter) (Depths:4)
  A wolf spider simulacrum (D:14)
  4 tarantellas (shapeshifter)
  2 tyrant leeches (shapeshifter)
  3 slime creatures (shapeshifter)
  5 tyrant leeches
  A hornet (shapeshifter) (Vaults:5)
  6 harpy skeletons
  7 raiju
  A stone giant simulacrum (Vaults:4)
  A death drake skeleton (Crypt:1)
  13 hornets
  72 slime creatures
  35 blink frogs
  A wind drake (shapeshifter) (WizLab)
  A raiju (shapeshifter) (WizLab)
  A snapping turtle (shapeshifter) (WizLab)
  3 blink frogs (shapeshifter) (WizLab)
  7 dream sheep (Lair:3)
  2 alligator zombies (Hell)
  6 flying skulls
  A jumping spider (shapeshifter) (WizLab)
  4 air elementals
  Sigmund (D:3)
  A spriggan (shapeshifter) (Vaults:5)
  An elf skeleton (Vaults:2)
  2 shadows (Crypt:3)
  14 wraiths
  6 ynoxinuls
  7 water elementals
  6 vampires (Crypt:3)
  14 spriggans
  11 wyverns
  Eustachio (D:6)
  63 yaks
  2 golden eyes (shapeshifter)
  9 golden eyes
  A hog (shapeshifter) (WizLab)
  4 hogs (Swamp:2)
  A human (shapeshifter) (D:15)
  A basilisk (shapeshifter) (WizLab)
  24 humans
  6 basilisks
  A yak (shapeshifter) (WizLab)
  A red draconian simulacrum (Zot:2)
  2 neqoxecs
  4 steam dragons
  25 large abominations
  7 fire elementals
  5 vampire mosquitoes
  An iron golem (WizLab)
  Menkaure (D:7)
  A death yak simulacrum (IceCv)
  10 chaos spawn
  12 swamp worms
  42 nagas
  6 wargs
  An acid dragon (D:14)
  27 small abominations
  A hell hound (Orc:2)
  17 water moccasins
  6 floating eyes
  2 hydra simulacra
  7 swamp drakes
  2 black bears (shapeshifter) (WizLab)
  A glowing shapeshifter skeleton (Crypt:2)
  3 human skeletons
  A moth of wrath simulacrum (Zot:2)
  30 orc warriors
  3 black bears
  An alligator simulacrum (Hell)
  6 ogres
  3 elephant zombies (Lair:3)
  3 boggarts (Depths:4)
  19 centaurs
  24 wolves
  A torpor snail zombie (Crypt:2)
  2 komodo dragon zombies
  A phantom (D:5)
  10 bullfrogs
  5 necrophages
  6 earth elementals
  2 scorpions
  A jelly (D:5)
  8 wights
  A hornet simulacrum (D:14)
  6 killer bees (D:10)
  5 electric eels
  6 howler monkeys
  A polar bear skeleton (Crypt:2)
  10 hounds
  2 quasits
  20 orc priests
  An iron imp (Abyss:3)
  Ijyb (D:3)
  An iguana (D:4)
  Natasha (D:4)
  31 orc wizards
  8 hell rats (Lair:4)
  A polar bear simulacrum (IceCv)
  A killer bee zombie (Crypt:2)
  A mummy (D:5)
  7 gnolls
  A steam dragon zombie (Crypt:1)
  12 adders
  A shadow imp (D:5)
  4 white imps
  An adder zombie (Crypt:1)
  A worm (D:4)
  2 dart slugs
  101 orcs
  18 endoplasms
  13 giant cockroaches
  8 goblins
  3 hobgoblins
  5 jackals (D:1)
  9 quokkas
  A quokka (shapeshifter) (Vaults:5)
  3 ball pythons
  5 bats
  10 frilled lizards
  2 hobgoblin zombies (D:5)
  2 kobolds
  2 kobold zombies (D:5)
  5 rats
  2 lurking horrors
  A starspawn tentacle (Abyss:4)
  5 tentacles (Hell)
2609 creatures vanquished.

Vanquished Creatures (collateral kills)
  An iguana (D:3)
1 creature vanquished.

Vanquished Creatures (others)
  A draconian stormcaller (Zot:1)
  A rakshasa (Abyss:4)
  A naga sharpshooter (Snake:2)
  Sonja (Lair:5)
  2 wizards
  An ugly thing (IceCv)
  A naga mage (Snake:4)
  A hellwing (D:9)
  A raiju (Abyss:4)
  A spriggan (Swamp:3)
  A flying skull (Abyss:4)
  A human (D:13)
  2 nagas
  A moth of wrath simulacrum (Zot:2)
  A swamp drake (Swamp:4)
  A small abomination (Abyss:4)
  An orc (D:8)
  3 ball lightnings (D:9)
  A briar patch (Swamp:4)
  2 bushes (Lair:5)
  10 foxfires (Lair:2)
  11 fungi
  A lurking horror (Abyss:3)
  77 plants
  22 starspawn tentacles
  10 tentacles (Hell)
  A withered plant (Crypt:3)
157 creatures vanquished.

Grand Total: 2767 creatures vanquished

Notes
Turn   | Place    | Note
-------+----------+-------------------------------------------
     0 | D:1      | Angani the Draconian Gladiator began the quest for the Orb.
     0 | D:1      | Reached XP level 1. HP: 17/17 MP: 1/1
   211 | D:1      | Found a faded altar of an unknown god.
   217 | D:1      | Reached XP level 2. HP: 25/25 MP: 2/2
   228 | D:1      | Got Plato's Catalogue of the Tesseract
   793 | D:2      | Reached XP level 3. HP: 28/30 MP: 3/3
  1331 | D:2      | Found a sparkling altar of Nemelex Xobeh.
  1486 | D:2      | Identified the +1 pair of gloves "Puot Juh" {rElec rC- rN+
                  | Str+5}
  1637 | D:3      | Noticed Sigmund
  1660 | D:3      | Killed Sigmund
  1661 | D:3      | Reached XP level 4. HP: 15/40 MP: 4/4
  1661 | D:3      | Reached XP level 5. HP: 18/46 MP: 5/5
  1835 | D:3      | Found a glowing drain.
  1873 | Sewer    | Entered a sewer
  1911 | Sewer    | Reached XP level 6. HP: 50/52 MP: 6/6
  2732 | D:4      | Your scales start taking on a pale cyan-grey colour.
  2732 | D:4      | Reached XP level 7. HP: 60/60 MP: 7/7
  2732 | D:4      | Gained mutation: You are immune to the effects of steam.
                  | [Pale Draconian growth]
  2779 | D:4      | Reached skill level 5 in Long Blades
  2944 | D:3      | Noticed Ijyb
  2949 | D:3      | Killed Ijyb
  3143 | D:4      | Reached skill level 5 in Fighting
  3346 | D:4      | Noticed Natasha
  3348 | D:4      | Killed Natasha
  3712 | D:5      | Entered Level 5 of the Dungeon
  3712 | D:5      | Found a sparkling altar of Nemelex Xobeh.
  3765 | D:5      | Reached skill level 5 in Dodging
  3781 | D:5      | Reached XP level 8. HP: 33/69 MP: 8/8
  4052 | D:5      | Found a sacrificial altar of Ru.
  4141 | D:5      | Found a staircase to the Ecumenical Temple.
  4147 | Temple   | Entered the Ecumenical Temple
  4220 | Temple   | Became a worshipper of Uskayaw the Reveller
  4309 | D:5      | Reached * piety under Uskayaw
  4337 | D:5      | Reached ** piety under Uskayaw
  4504 | D:6      | Reached skill level 1 in Invocations
  4647 | D:6      | Noticed Eustachio
  4680 | D:6      | Killed Eustachio
  4690 | D:6      | Reached skill level 5 in Shields
  5054 | D:6      | Noticed a green ugly thing
  5063 | D:6      | Killed a green ugly thing
  5064 | D:6      | Reached XP level 9. HP: 78/78 MP: 9/11
  5231 | D:6      | Found a glowing golden altar of the Shining One.
  5365 | D:7      | Noticed Menkaure
  5368 | D:7      | Killed Menkaure
  5518 | D:7      | Found a glowing silver altar of Zin.
  5690 | D:7      | Found a broken altar of Ashenzari.
  5708 | D:7      | Noticed flt's ghost (novice DgTm)
  5712 | D:7      | Found a transporter.
  5732 | D:7      | Found a transporter.
  6251 | D:8      | Found Ponynuh's Magic Scroll Emporium.
  6256 | D:8      | Bought a scroll of enchant weapon for 97 gold pieces
  6256 | D:8      | Bought a scroll of enchant weapon for 97 gold pieces
  6256 | D:8      | Bought a scroll of teleportation for 39 gold pieces
  6256 | D:8      | Bought a scroll of identify for 26 gold pieces
  6256 | D:8      | Bought 3 scrolls of identify for 78 gold pieces
  6256 | D:8      | Bought a scroll of identify for 26 gold pieces
  6261 | D:8      | Identified a scroll of acquirement
  6263 | D:8      | Reached XP level 10. HP: 86/86 MP: 11/19
  6264 | D:8      | Acquired the +1 pair of gloves of Restlessness {rC++ Will++
                  | Stlth-}
  6461 | D:8      | Reached *** piety under Uskayaw
  6986 | D:9      | Found Teasch's Elemental Accessories.
  7088 | D:9      | Found a runed translucent door.
  7089 | D:9      | Found a shimmering altar of Xom.
  7089 | D:9      | Noticed niknal's ghost (novice TrWr)
  7089 | D:9      | Noticed a +0 rapier of chaos
  7146 | D:9      | Reached **** piety under Uskayaw
  7156 | D:9      | Reached ***** piety under Uskayaw
  7157 | D:9      | Reached XP level 11. HP: 31/94 MP: 20/20
  7182 | D:9      | HP: 3/94 [yak (14)]
  7541 | D:9      | Noticed a two-headed ogre
  7553 | D:9      | Killed a two-headed ogre
  7651 | D:9      | Noticed Harold
  7672 | D:9      | Killed Harold
  7673 | D:9      | Noticed a two-headed ogre
  8078 | D:9      | Killed a two-headed ogre
  8270 | D:10     | Entered Level 10 of the Dungeon
  8348 | D:10     | Found a white marble altar of Elyvilon.
  8708 | D:10     | Found a staircase to the Orcish Mines.
  8820 | D:10     | Found a hazy altar of Hepliaklqana.
  8821 | D:10     | Found a shimmering blue altar of Sif Muna.
  8821 | D:10     | Found a stormy altar of Qazlal.
  8867 | D:10     | Found Bateff's Bounteous Boutique.
  8874 | D:10     | Bought a scroll of blinking for 127 gold pieces
  8888 | D:10     | Found a shimmering altar of Xom.
  9159 | D:10     | Acquired a +2 demon blade of electrocution
  9397 | D:10     | Identified the +2 leather armour "Hoec See" {rElec}
  9591 | D:11     | Noticed a two-headed ogre
  9591 | D:11     | Noticed a brown ugly thing
  9606 | D:10     | Killed a brown ugly thing
  9774 | D:11     | Noticed a two-headed ogre
  9782 | D:11     | Killed a two-headed ogre
  9920 | D:11     | Reached XP level 12. HP: 81/105 MP: 21/21
 10021 | D:11     | Noticed a two-headed ogre
 10037 | D:11     | Killed a two-headed ogre
 10252 | D:11     | Killed a two-headed ogre
 10288 | D:11     | Found a staircase to the Lair.
 10485 | Lair:1   | Entered Level 1 of the Lair of Beasts
 10504 | Lair:1   | Reached skill level 10 in Fighting
 10917 | Lair:1   | Noticed a boulder beetle
 10928 | Lair:1   | Killed a boulder beetle
 11373 | Lair:1   | Acquired the amulet "Wupoh" {Reflect rF++ SH+5 Stlth+}
 11487 | Lair:2   | Noticed Fannar
 11499 | Lair:2   | Reached skill level 10 in Long Blades
 11543 | Lair:2   | Killed Fannar
 11553 | Lair:2   | Reached ****** piety under Uskayaw
 11691 | Lair:2   | Reached XP level 13. HP: 85/116 MP: 11/22
 11928 | Lair:2   | Found a staircase to the Swamp.
 12771 | Lair:3   | Reached skill level 10 in Shields
 12789 | Lair:3   | Reached skill level 10 in Dodging
 12973 | Lair:3   | Identified the amulet "Qekh" {Spirit Fragile +Blink Fly
                  | Stlth+}
 13607 | Lair:3   | Found a staircase to the Snake Pit.
 14903 | Lair:4   | Reached XP level 14. HP: 127/127 MP: 23/23
 15490 | Lair:5   | Entered Level 5 of the Lair of Beasts
 16076 | Lair:5   | Found a corrupted altar of Lugonu.
 16076 | Lair:5   | Found a one-way gate to the infinite horrors of the Abyss.
 16141 | Lair:5   | Identified the +1 robe "Saunk" {Drain Will+ Dex+3}
 16175 | Lair:5   | a six-headed hydra changed into a broodmother
 16175 | Lair:5   | Noticed a broodmother (shapeshifter)
 16187 | Lair:5   | a broodmother changed into an anaconda
 16560 | Lair:5   | Found a staircase to the Slime Pits.
 16625 | Lair:5   | Noticed Sonja
 16636 | Lair:5   | Killed Sonja
 17834 | D:13     | Found a gate to the Vaults.
 17841 | D:13     | Reached XP level 15. HP: 136/136 MP: 25/25
 17887 | D:13     | Acquired 503 gold pieces
 18643 | D:14     | Found an ancient bone altar of Kikubaaqudgha.
 19007 | D:14     | Found a portal to a secret trove of treasure.
 19670 | D:15     | Entered Level 15 of the Dungeon
 19931 | D:15     | Found a sparkling altar of Nemelex Xobeh.
 19992 | D:15     | Found a staircase to the Depths.
 20384 | D:15     | Noticed Nessos
 20390 | D:15     | Killed Nessos
 20847 | Orc:1    | Entered Level 1 of the Orcish Mines
 20965 | Orc:1    | Found Angaiky Veri's Antique Armour Shop.
 20981 | Orc:1    | Bought a pair of runed boots for 277 gold pieces
 21004 | Orc:1    | Found Halauz's Antique Armour Boutique.
 21024 | Orc:1    | Bought a pair of transparent gloves for 294 gold pieces
 21024 | Orc:1    | Identified the +0 pair of gloves of Nemelex Xobeh, Baking
                  | {+Blink rElec} (You bought it in a shop on level 1 of the
                  | Orcish Mines)
 21032 | Orc:1    | Found Gyqe's Antique Armour Shop.
 21083 | Orc:1    | Found Vaas's Jewellery Boutique.
 21137 | Orc:1    | Noticed Gastronok
 21150 | Orc:1    | Killed Gastronok
 21246 | Orc:2    | Entered Level 2 of the Orcish Mines
 21270 | Orc:2    | why marked now >_>
 21270 | Orc:2    | shout x57
 21479 | Orc:2    | Found a frozen archway.
 21489 | IceCv    | Entered an ice cave
 21510 | IceCv    | Found a transporter.
 21519 | IceCv    | Found a transporter.
 21545 | IceCv    | Identified the ring of Veulliph {Fire rPois Will+ Int-3
                  | Dex+3}
 21780 | Orc:2    | Found Lystrol's Armour Shoppe.
 21823 | Orc:2    | Found a staircase to the Elven Halls.
 21859 | Orc:2    | Found Cocuovy's Weapon Emporium.
 21922 | Orc:2    | Found Ustre's Antique Weapon Emporium.
 21926 | Orc:2    | Found Tekyzum's Antique Armour Shoppe.
 22779 | Elf:1    | Entered Level 1 of the Elven Halls
 22786 | Elf:1    | Noticed Azrael
 22916 | Elf:1    | Noticed Aizul
 22929 | Orc:2    | Reached XP level 16. HP: 146/147 MP: 27/27
 23049 | Orc:2    | Killed Azrael
 23232 | Orc:2    | Killed Aizul
 23345 | Elf:1    | Found Nifiq's Book Boutique.
 23367 | Elf:1    | Reached skill level 15 in Invocations
 23394 | Elf:1    | You are sucked into a shaft and drop 1 floor!
 23547 | Elf:2    | Found Reire's Antique Armour Emporium.
 23555 | Elf:2    | Bought an embroidered scarf for 288 gold pieces
 23609 | Elf:2    | Paralysed by an air elemental for 1 turns
 23981 | Elf:1    | Identified Roxanne's Reference Book on Clay
 23981 | Elf:1    | Noticed Roxanne
 24010 | Elf:1    | Reached skill level 15 in Fighting
 24022 | Elf:1    | Killed Roxanne
 25113 | Elf:1    | Noticed Frances
 25135 | Elf:1    | Killed Frances
 25612 | Elf:2    | Found a runed translucent gate.
 25618 | Elf:2    | Found a runed translucent gate.
 25618 | Elf:2    | Found a runed translucent gate.
 25636 | Elf:2    | Found Atziuh's General Store.
 25639 | Elf:2    | Bought a wand of roots (5) for 144 gold pieces
 25639 | Elf:2    | Bought a scroll of enchant armour for 90 gold pieces
 25755 | Elf:2    | Reached XP level 17. HP: 99/157 MP: 27/29
 26287 | Swamp:1  | Entered Level 1 of the Swamp
 26371 | Swamp:1  | Identified the +8 short sword of Expedience {vorpal,
                  | Fragile rF+++ SInv}
 26577 | Swamp:1  | Identified the +0 ring mail of Spite {rElec}
 26789 | Swamp:2  | Noticed Nikola
 26820 | Swamp:2  | Killed Nikola
 26820 | Swamp:2  | Noticed Kirke
 26842 | Swamp:2  | Killed Kirke
 26965 | Swamp:2  | Noticed Mlioglotl
 26976 | Swamp:2  | Killed Mlioglotl
 27895 | Swamp:3  | Reached skill level 15 in Shields
 28339 | Swamp:4  | Entered Level 4 of the Swamp
 28584 | Swamp:4  | Noticed a tentacled monstrosity
 28596 | Swamp:4  | Killed a tentacled monstrosity
 28598 | Swamp:4  | Identified the +6 mace of Rerypruts {protect, Str+3 Int+4}
 29175 | Swamp:4  | Identified the amulet "Best" {Reflect *Slow rC+ Dex+4 SH+5
                  | SInv}
 29492 | Swamp:4  | Noticed the 27-headed Lernaean hydra
 29528 | Swamp:4  | Killed the 27-headed Lernaean hydra
 29529 | Swamp:4  | Reached XP level 18. HP: 168/168 MP: 30/30
 29612 | Swamp:4  | Got a decaying rune of Zot
 29901 | Snake:1  | Entered Level 1 of the Snake Pit
 31621 | Snake:2  | Reached skill level 15 in Dodging
 32013 | Snake:3  | Found Fir Dymn's Distillery.
 32021 | Snake:3  | Bought a potion of lignification for 42 gold pieces
 32021 | Snake:3  | Bought a potion of curing for 42 gold pieces
 32021 | Snake:3  | Bought a potion of curing for 42 gold pieces
 32021 | Snake:3  | Bought 2 potions of mutation for 224 gold pieces
 32021 | Snake:3  | Bought a potion of heal wounds for 70 gold pieces
 32021 | Snake:3  | Bought a potion of curing for 42 gold pieces
 32021 | Snake:3  | Bought a potion of heal wounds for 70 gold pieces
 32021 | Snake:3  | Bought a potion of might for 56 gold pieces
 32082 | Snake:3  | Found Tanich's Antique Armour Emporium.
 32096 | Snake:3  | Bought a runed cloak for 262 gold pieces
 32368 | Snake:3  | Noticed Bai Suzhen
 32375 | Snake:3  | Killed Bai Suzhen
 33253 | Snake:4  | Entered Level 4 of the Snake Pit
 33423 | Snake:4  | Found Guvadaov's Book Shoppe.
 33423 | Snake:4  | Found Giolasuts's Magic Scroll Emporium.
 33423 | Snake:4  | Found Ytucky's Weapon Shoppe.
 33426 | Snake:4  | Found Rivvitat's Antique Weapon Emporium.
 33440 | Snake:4  | Bought a crystal dagger for 182 gold pieces
 33440 | Snake:4  | Identified the +8 dagger "Jeixkam" {vorpal, Dex+6} (You
                  | bought it in a shop on level 4 of the Snake Pit)
 33445 | Snake:4  | Bought a scroll of poison for 80 gold pieces
 33445 | Snake:4  | Bought a scroll of fear for 80 gold pieces
 33445 | Snake:4  | Bought a scroll of fear for 80 gold pieces
 33445 | Snake:4  | Bought a scroll of blinking for 150 gold pieces
 33924 | Snake:4  | Reached XP level 19. HP: 163/179 MP: 32/32
 33996 | Snake:4  | Got a serpentine rune of Zot
 34639 | Vaults:1 | Entered Level 1 of the Vaults
 34639 | Vaults:1 | Noticed Donald
 34648 | Vaults:1 | Killed Donald
 36526 | Vaults:2 | Identified the +5 long sword "Ilonilum" {flame, rPois rC+
                  | Dex+4}
 37471 | Vaults:2 | Found a staircase to the Crypt.
 37562 | Vaults:2 | Reached XP level 20. HP: 119/191 MP: 20/33
 38169 | Vaults:2 | Identified the +2 robe "Aruek" {rN+}
 38178 | Vaults:2 | Found a radiant altar of Vehumet.
 38222 | Vaults:2 | Identified the +0 hat "Ucrutuj" {rPois Str+6 Stlth+}
 39517 | Vaults:3 | Found Wuasiawe's General Store.
 39524 | Vaults:3 | Bought a potion of curing for 51 gold pieces
 39524 | Vaults:3 | Bought 2 potions of curing for 102 gold pieces
 40889 | Vaults:4 | Reached XP level 21. HP: 171/201 MP: 35/35
 41328 | Elf:3    | Entered Level 3 of the Elven Halls
 41546 | Elf:3    | Paralysed by an air elemental for 1 turns
 42057 | Elf:3    | Identified the amulet "Xihoxkoo" {Reflect Will+ SH+5}
 42092 | Elf:3    | Identified the +8 spear "Tevixooc" {vorpal, rElec Stlth+}
 42737 | Elf:3    | Identified the +0 chain mail "Cixzohai" {rC+ MP+9 Str+4}
 42749 | Elf:3    | Got the Volume of Conduction
 42751 | Elf:3    | Got the Reference Book on the Enchanting Summer
 42753 | Elf:3    | Got the Incunabulum of Venin and Peregrination
 43215 | Depths:1 | Entered Level 1 of the Depths
 43377 | Depths:1 | Found a one-way gateway to a ziggurat.
 43863 | Depths:1 | Found a gateway to Hell.
 43926 | Depths:1 | Paralysed by a floating eye for 2 turns
 44641 | Depths:2 | Noticed a golden dragon
 44656 | Depths:2 | Killed a golden dragon
 44703 | Depths:2 | Found a hazy altar of Hepliaklqana.
 44704 | Depths:2 | Found a shimmering blue altar of Sif Muna.
 44705 | Depths:2 | Found a sacrificial altar of Ru.
 44705 | Depths:2 | Found a burning altar of Makhleb.
 44779 | Depths:2 | Found an ancient bone altar of Kikubaaqudgha.
 44806 | Depths:2 | Found an ancient bone altar of Kikubaaqudgha.
 44856 | Depths:2 | Identified the amulet of the Oligarchy {RegenMP rPois
                  | Str+4}
 44872 | Depths:2 | Noticed a golden dragon
 44895 | Depths:2 | Killed a golden dragon
 45594 | Depths:2 | Found Joetul's General Store.
 45608 | Depths:2 | Bought a scroll of enchant armour for 112 gold pieces
 45608 | Depths:2 | Bought a potion of lignification for 45 gold pieces
 46046 | Depths:2 | Found a one-way gate leading to the halls of Pandemonium.
 46183 | Depths:3 | Found a flickering gateway to a bazaar.
 46188 | Bazaar   | Entered a bazaar
 46188 | Bazaar   | Found Empuc's Weapon Shop.
 46188 | Bazaar   | Found Fiudd's Book Emporium.
 46188 | Bazaar   | Found Areagy's Distillery.
 46188 | Bazaar   | Found Aseq's Jewellery Shoppe.
 46218 | Bazaar   | Found Fotumn's Book Shoppe.
 46222 | Bazaar   | Bought a potion of might for 60 gold pieces
 46222 | Bazaar   | Bought 2 potions of might for 120 gold pieces
 46222 | Bazaar   | Bought 2 potions of resistance for 300 gold pieces
 46222 | Bazaar   | Bought a potion of heal wounds for 75 gold pieces
 46222 | Bazaar   | Bought a potion of haste for 150 gold pieces
 46222 | Bazaar   | Bought a potion of ambrosia for 120 gold pieces
 46222 | Bazaar   | Bought a potion of mutation for 120 gold pieces
 46248 | Bazaar   | Bought a ring of positive energy for 200 gold pieces
 46328 | Depths:3 | Noticed the Enchantress
 46340 | Depths:3 | Killed the Enchantress
 46347 | Depths:3 | Reached XP level 22. HP: 199/213 MP: 36/36
 46671 | Depths:3 | Noticed a juggernaut
 46683 | Depths:3 | Killed a juggernaut
 46877 | Depths:3 | Noticed a golden dragon
 46898 | Depths:3 | Killed a golden dragon
 47172 | Depths:3 | Found the +3 Elemental Staff {rElec rF++ rC++ AC+5}
 47177 | Depths:3 | Identified the +1 chain mail of Gitio {Will+ MP+9 Int+3}
 47197 | Depths:3 | Found a shadowy altar of Dithmenos.
 47529 | Depths:4 | Entered Level 4 of the Depths
 47535 | Depths:4 | Noticed Grunn
 47564 | Depths:4 | Killed Grunn
 49289 | Depths:4 | Noticed a golden dragon
 49305 | Depths:4 | Killed a golden dragon
 49490 | Depths:4 | Noticed Mennas
 49698 | Depths:4 | Found a shimmering altar of Xom.
 49785 | Depths:4 | Killed Mennas
 50174 | Snake:4  | Bought a scroll of enchant weapon for 150 gold pieces
 50731 | Depths:4 | Found a gate to the Realm of Zot.
 51141 | Crypt:1  | Entered Level 1 of the Crypt
 51224 | Crypt:1  | Noticed Boris
 51246 | Crypt:1  | Killed Boris
 51266 | Crypt:1  | Found a magical portal.
 51274 | WizLab   | Entered Cigotuvi's Fleshworks
 51563 | WizLab   | Paralysed by a floating eye for 4 turns
 51585 | WizLab   | Found the -2 hat of the Alchemist {rElec rPois rF+ rC+ rN+
                  | Will+ rMut rCorr}
 52358 | WizLab   | Got Cigotuvi's Compendium of the Macabre Figure
 52366 | WizLab   | Got Siyto's Textbook on Reformation
 52369 | WizLab   | Got the Codex of Forms
 52670 | Crypt:1  | Noticed Zenata
 52687 | Crypt:1  | Killed Zenata
 52688 | Crypt:1  | Reached XP level 23. HP: 187/223 MP: 26/38
 52779 | Crypt:1  | You are sucked into a shaft and drop 1 floor!
 53123 | Crypt:1  | Identified the +3 chain mail of the Komodo Dragon {rC+
                  | Regen+}
 53668 | Crypt:2  | Noticed Margery
 53685 | Crypt:2  | Killed Margery
 54453 | Crypt:3  | Entered Level 3 of the Crypt
 55066 | Crypt:3  | Identified the ring "Maick" {rC- rN+ Str+5 Int+2}
 55066 | Crypt:3  | Identified the ring of Zowiju Way {rN+ MP+9 Dex+5 Slay-5
                  | SInv}
 55066 | Crypt:3  | Identified the ring of Megalomania {rN+ Str+3 SInv}
 55159 | Crypt:3  | Found a staircase to the Tomb.
 55317 | Crypt:3  | Found the +3 giant club "Skullcrusher" {speed, Str+7}
 55344 | Crypt:3  | Identified the ring of Sunet {+Blink rElec rPois rC+ MP+9}
 55849 | Crypt:3  | Identified the +8 mace of Ixafon {freeze, rF+ Int+2}
 55960 | Crypt:3  | Noticed Vv
 56076 | Crypt:3  | Killed Vv
 56392 | Crypt:3  | Found an ancient bone altar of Kikubaaqudgha.
 56571 | Crypt:3  | Noticed an ancient lich
 56590 | Crypt:3  | Killed an ancient lich
 57158 | Hell     | Entered the Vestibule of Hell
 57158 | Hell     | Noticed Geryon
 57858 | Hell     | Found a gateway to the ashen valley of Gehenna.
 57887 | Hell     | Killed Geryon
 58091 | D:14     | You paid a toll of the horn of Geryon to enter a treasure
                  | trove
 58092 | Trove    | Entered a treasure trove
 58108 | Trove    | Identified the ring "Vueckour" {Wiz Contam rC++ Will- SInv}
 58110 | Trove    | Identified the ring "Cybio" {rC+ Str+4}
 58114 | Trove    | Identified the ring of Acysory {Wiz rCorr Str+2}
 58115 | Trove    | Identified the amulet "Vaukk" {Reflect -Tele Contam +Inv
                  | Dex+7 SH+5}
 58119 | Trove    | Identified the ring of Toelob {Will+ MP-9 Str+6 Dex+2}
 58368 | Vaults:5 | Entered Level 5 of the Vaults
 58647 | Vaults:4 | Reached XP level 24. HP: 170/235 MP: 36/38
 59245 | Vaults:5 | Identified the +0 robe of the Midnight Sun {rPois rC-
                  | Dex+4}
 59402 | Vaults:5 | Noticed Boris
 59591 | Vaults:4 | Killed Boris
 59771 | Vaults:5 | Identified the +4 battleaxe of the Moon {freeze, rF+ MP+9
                  | Str+3 Stlth+}
 60366 | Vaults:5 | Identified the ring of the Queen {Fly rElec MP+9 SInv}
 60372 | Vaults:5 | Identified the +0 robe "Kuru" {rPois}
 60396 | Vaults:5 | Identified the +5 chain mail "Luede" {Fly rN+ Int+5}
 60403 | Vaults:5 | Identified the +1 leather armour of Somewhere Else {*Slow
                  | Fly SInv Stlth+}
 60835 | Vaults:5 | Identified the +6 quarterstaff of the Valley of Death
                  | {pain, *Rage +Blink rCorr Stlth+}
 61073 | Vaults:5 | Noticed a dread lich
 61087 | Vaults:5 | Killed a dread lich
 61504 | Vaults:5 | Got a silver rune of Zot
 61830 | Slime:1  | Entered Level 1 of the Pits of Slime
 62648 | Slime:4  | Gained mutation: You are vulnerable to cold. (rC-) [a
                  | shining eye]
 62697 | Slime:4  | Gained mutation: Your spells are a little easier to cast,
                  | but a little less powerful. [a shining eye]
 62797 | Slime:5  | Entered Level 5 of the Pits of Slime
 63002 | Slime:5  | Noticed the Royal Jelly
 63010 | Slime:5  | Killed the Royal Jelly
 63011 | Slime:5  | Reached XP level 25. HP: 211/246 MP: 39/39
 63360 | Slime:5  | Found the +7 Spriggan's Knife {stab, EV+4 Stlth+}
 63411 | Slime:5  | Got the Incunabulum of the Assassin
 63444 | Slime:5  | Identified the ring "Sirghosk" {Will+ Stlth+}
 63452 | Slime:5  | Found the +3 greatsling "Punk" {acid, rCorr}
 63470 | Slime:5  | Got a slimy rune of Zot
 63699 | Lair:5   | Voluntarily entered the Abyss.
 63882 | Abyss:3  | Found a corrupted altar of Lugonu.
 64152 | Lair:5   | Escaped the Abyss
 64427 | Lair:5   | Voluntarily entered the Abyss.
 64436 | Abyss:3  | Found an iron altar of Okawaru.
 64464 | Abyss:3  | Noticed a dread lich
 64744 | Abyss:4  | Killed a dread lich
 64875 | Lair:5   | Escaped the Abyss
 65079 | Lair:5   | Voluntarily entered the Abyss.
 65394 | Abyss:4  | Found a corrupted altar of Lugonu.
 65519 | Abyss:4  | Found a corrupted altar of Lugonu.
 65615 | Lair:5   | Escaped the Abyss
 65702 | Lair:5   | Voluntarily entered the Abyss.
 65757 | Abyss:4  | Paralysed by an air elemental for 1 turns
 65802 | Abyss:4  | Got an abyssal rune of Zot
 65869 | Lair:5   | Escaped the Abyss
 66337 | Hell     | Found a gateway to the Iron City of Dis.
 66585 | Hell     | Found a gateway to the freezing wastes of Cocytus.
 66602 | Hell     | Found a gateway to the decaying netherworld of Tartarus.
 67571 | Zot:1    | Entered Level 1 of the Realm of Zot
 68580 | Zot:1    | Reached XP level 26. HP: 165/258 MP: 25/39
 70856 | Zot:2    | Identified the ring "Bevi" {Ice rElec Int-5 Dex+10}
 70856 | Zot:2    | Noticed Josephina
 70858 | Zot:2    | Noticed an orb of fire
 70858 | Zot:2    | Gained mutation: You have a pair of small horns on your
                  | head. [an orb of fire]
 70880 | Zot:2    | Killed an orb of fire
 70900 | Zot:2    | Killed Josephina
 70901 | Zot:2    | Reached skill level 27 in Invocations
 71257 | Zot:2    | Found a runed translucent door.
 71258 | Zot:2    | Noticed Ocoxec's ghost (veteran AtGl)
 72191 | Zot:3    | Identified the +7 chain mail "Qedghaf" {Will++ Regen+
                  | Stlth-}
 72669 | Zot:3    | Noticed an orb of fire
 72685 | Zot:3    | Killed an orb of fire
 73345 | Zot:3    | Reached skill level 27 in Fighting
 73354 | Zot:3    | Reached skill level 1 in Stealth
 73523 | Zot:3    | Upgraded the game from 0.30-a0-304-gdc4b735fe1 to
                  | 0.30-a0-305-g026cb31310
 74332 | Zot:3    | Reached skill level 5 in Stealth
 74570 | Zot:4    | Noticed Parghit
 74990 | Zot:3    | Killed Parghit
 75108 | Zot:4    | Reached XP level 27. HP: 244/273 MP: 32/40
 75790 | Zot:4    | Identified the +1 leather armour of Lyetosad {Fly MP+9
                  | Int+4}
 75807 | Zot:5    | Entered Level 5 of the Realm of Zot
 75810 | Zot:5    | Noticed an orb of fire
 75837 | Zot:5    | Reached skill level 10 in Stealth
 76839 | Zot:5    | Noticed an orb of fire
 76842 | Zot:5    | Killed an orb of fire
 76853 | Zot:5    | Gained mutation: You expend magic power (3 MP) to
                  | strengthen your wands. [an orb of fire]
 76857 | Zot:5    | Killed an orb of fire
 76857 | Zot:5    | Noticed an orb of fire
 76868 | Zot:5    | Killed an orb of fire
 76868 | Zot:5    | Noticed an orb of fire
 76877 | Zot:5    | Gained mutation: Your body sometimes deteriorates upon
                  | taking damage. [an orb of fire]
 76892 | Zot:5    | Killed an orb of fire
 76892 | Zot:5    | Noticed an orb of fire
 76908 | Zot:5    | Killed an orb of fire
 76909 | Zot:5    | Noticed an ancient lich
 76917 | Zot:5    | Killed an ancient lich
 76921 | Zot:5    | Noticed an ancient lich
 76929 | Zot:5    | Killed an ancient lich
 76929 | Zot:5    | Noticed an orb of fire
 76932 | Zot:5    | Killed an orb of fire
 76947 | Zot:5    | Noticed an orb of fire
 76956 | Zot:5    | Killed an orb of fire
 77104 | Zot:5    | Noticed an orb of fire
 77121 | Zot:5    | Killed an orb of fire
 77205 | Zot:5    | Noticed a dread lich
 77214 | Zot:5    | Killed a dread lich
 77593 | Zot:5    | Got the Orb of Zot
 78007 | D:9      | Noticed Nokeilic the pandemonium lord
 78019 | D:9      | Killed Nokeilic the pandemonium lord
 78202 | D:$      | Escaped with the Orb!

Illustrated notes

................##,,,~~~,**
..<...........##.#,,,~~~,,*
.................#,,,~~~,**
........#........+,,,~~~,******
,,,,,..#.......###,,,~~~,,**,,**
,,,,,,....###.##.#,,,~~~,,*,,,,*
,,,,<,.....#.#...#,,,~~~,,,,,,**
,,,,,,....#......#####***,,*,**
,,,,,,..........@....#,,,,,,**
,,,,,,,...#####..#......,,,,*
,,,,*,....*,,,#...*.....,*,**
,,,,,,...,*,_,#..##*....,,**
,,,*,,..,,+,,,#...,,,...,,,****
,,,,,,,,,,****#....,,,..,,,,,,*
,,,,,,,,,,,,,,.....,,,,#*+**,,*
,,,,,,,,,,,,,,.....,,,**,,,**,*
,,,,,*,,,,,,,,,,,,,,,,*,,,,,*,*


Turn 21270 on Orc:2: why marked now >_>

Levels and vault maps discovered:
D:1:      wander_arrival_estate, layout_basic,
          shapermc_ecumenical_altar_rom_forum, st_stairs_11,
          grunt_decor_arrowhead
D:2:      layout_basic, basic_altar
D:3:      minmay_spotlight, layout_basic, gup_sewer_entry_glass, uniq_ijyb,
          uniq_sigmund
D:4:      layout_basic, uniq_natasha
D:5:      layout_gridville, mainiacjoe_overflow_six_doors_small,
          mainiacjoe_overflow_tiny_flanked, minmay_temple_entry_hall,
          minmay_misc_feat_alley, minmay_mini_ossuary
D:6:      layout_gridville, tso_altar, uniq_eustachio
D:7:      layout_basic, lemuel_doored_altar, mainiacjoe_overflow_catwalk,
          gammafunk_ghost_arena, uniq_menkaure
D:8:      layout_rooms, serial_shops, shop_fountains, grunt_ministairs_12
D:9:      layout_long_grid, ebering_ghost_xom, nicolae_elemental_shop,
          minmay_starry_boxes, uniq_harold
D:10:     layout_small_grid, chequers_temple_overflow_statue_of_worship,
          mainiacjoe_overflow_brackets, mainiacjoe_overflow_chevrons,
          minmay_orc_entry_temple_small, minmay_misc_feat_secret_circle,
          nicolae_alphabet_shops
D:11:     layout_big_octagon, erik_lair_island
D:12:     layout_roguey, serial_curves, eino_curves_03, eino_curves_04
D:13:     layout_loops_cross, grunt_vaults_entry_tiered
D:14:     layout_loops_corners, dreamdust_mushroom_princess, enter_trove_1,
          nicolae_kikubaaqudgha_miasma_corner
D:15:     hangedman_depths_entry_civil_slaughter, layout_irregular_city,
          nemelex_lonely_heart_becter, uniq_nessos
Temple:   hellmonk_temple_forest_ring
Lair:1:   layout_layer_cave, grunt_forest_small_clearing_treed
Lair:2:   layout_regular_city, minmay_swamp_entry_wisps, uniq_fannar
Lair:3:   pond_and_an_island_with_a_cottage, layout_big_grid,
          guppyfry_snake_entry_garden
Lair:4:   layout_roguey, special_room [special_room_mythical_zoo],
          beast_lair_carwin_6
Lair:5:   hellmonk_lair_end_abyssal_woods, layout_cave_shapes, slime_entry_1,
          serial_forest, infiniplex_forest_zigzag_2, infiniplex_forest_3_way,
          infiniplex_forest_lined_room_, infiniplex_forest_lined_corner,
          infiniplex_forest_straight_3, infiniplex_forest_straight_2,
          infiniplex_forest_straight_1, uniq_sonja
Swamp:1:  layout_basic_swamp, infiniplex_staircase_pool
Swamp:2:  layout_basic_swamp, hangedman_swamp_cone, swamp_pool3,
          nicolae_swamp_little_tower, uniq_kirke, uniq_mlioglotl, uniq_nikola
Swamp:3:  layout_falls_marsh, evilmike_swamp_ruin_house_2, swamp_pool3
Swamp:4:  swamp_old_school, layout_basic_swamp
Snake:1:  layout_chambers, special_room, grunt_megastairs_2, lemuel_fruit_tree
Snake:2:  layout_onion_interference, nicolae_integral_box
Snake:3:  layout_cave_town, serial_shops, nicolae_shop_overgrown_old_shop,
          nicolae_shop_statue_plus, uniq_bai_suzhen
Snake:4:  snake_pit, layout_basic, minmay_shoptagon
Slime:1:  layout_caves, basic_altar
Slime:2:  layout_caves
Slime:3:  layout_caves, nicolae_slime_phagocytosis
Slime:4:  layout_caves
Slime:5
Orc:1:    layout_caves, serial_shops, nicolae_lakefront_shop, shop,
          nicolae_shop_waterfront, nicolae_shop_hallway_plus,
          nicolae_orc_crystal_geode, uniq_gastronok
Orc:2:    grunt_orc_community_town_hall, layout_caves,
          grunt_orc_community_big_house_2, grunt_orc_community_big_house_2,
          grunt_orc_community_house_2, grunt_orc_community_house_1,
          grunt_orc_community_house_3, grunt_orc_community_house_3,
          grunt_orc_community_house_3, portal_ice_cave_entry_pillars_2,
          mines5_lemuel
Elf:1:    eino_elf_arrival_the_gate, layout_gridlike, serial_shops, shop,
          minivault_28, st_stairs_14, small_statue_intersection,
          nrook_mini_backslash, uniq_azrael, uniq_frances, uniq_roxanne,
          uniq_aizul
Elf:2:    nicolae_elf_blades_crystal_corner, layout_gridlike, serial_shops,
          nicolae_shop_behind_doors, nicolae_shop_temple_entry_statues_fountains
Elf:3:    elf_hall, layout_loops_cross, serial_glass, glass_columns_a,
          glass_columns_c
Vaults:1: vaults_dpeg_emergency_exit, ontoclasm_vaults_ring_large,
          vaults_room_large_hall, st_spiral_rooms, v_misc_12,
          ontoclasm_vaults_ligature, ontoclasm_vaults_tryst,
          nicolae_vaults_alarming, vaults_standard_mumra_lines,
          nicolae_vaults_circle_grid_b, ontoclasm_vaults_shuriken,
          hangedman_vaults_trim, layout_vaults_ring, uniq_donald
Vaults:2: vaults_dpeg_encased_lava, ontoclasm_vaults_hangar, vaults_mumra_hex,
          grunt_tower_of_power, minmay_crypt_entry_nasty_monster,
          vaults_mumra_chevron, vaults_standard_mumra_enter_the_diamond,
          vaults_room_hallway, vaults_room_pool, v_alt_pattern_4,
          vaults_dpeg_hooks, grunt_vaults_funnel, nicolae_vaults_sealed_display,
          layout_vaults_omnigrid
Vaults:3: hangedman_vaults_corner_blocks, nicolae_vaults_little_squares_4,
          nicolae_vaults_network_star, hangedman_vaults_stream,
          nicolae_vaults_angled_halls, ontoclasm_vaults_chip,
          hangedman_vaults_slither, ontoclasm_vaults_eye, v_alt_pattern_2,
          nicolae_vaults_hallways_thing, nicolae_vaults_asterisk, v_misc_14,
          v_misc_17, layout_vaults_maze_bifur, serial_shops,
          nicolae_shop_advertising_works [nicolae_subvault_shop_adworks]
Vaults:4: v_misc_11, v_misc_4, nicolae_vaults_what_the_h, v_misc_4, v_misc_26,
          nicolae_vaults_theta, hangedman_vaults_nails, layout_vaults_big_room
Vaults:5: serial_shops
Crypt:1:  layout_chaotic_city, infiniplex_enter_wizlab_water,
          columned_hall_lemuel, grunt_crypt_arrival_split, uniq_zenata,
          uniq_boris
Crypt:2:  layout_chaotic_city, minmay_misc_feat_hallway, lemuel_upstairs_altar,
          uniq_margery
Crypt:3:  quadcrypt_mu, uniq_vv
Depths:1: layout_honeycomb, enter_ziggurat_f, hangedman_geh_valley,
          minmay_fractal_squares_gapless_7
Depths:2: minmay_the_grid_octo_tiled_octocenter [minmay_the_grid_octo_focus,
          minmay_the_grid_octo_77, minmay_the_grid_octo_shrine,
          minmay_the_grid_octo_vomiting_pacman, minmay_the_grid_octo_prize_star,
          minmay_the_grid_square_5x5_inner_i, minmay_the_grid_square_5x5_slash,
          minmay_the_grid_square_5x5_spiral_small,
          minmay_the_grid_square_5x5_mess], layout_small_grid, serial_shops,
          shop_coins, rand_demon_pan_entry_9, grunt_mini_vestibule,
          serial_sigils, serial_sigils_hangedman_gnaw,
          serial_sigils_hangedman_clutch, serial_sigils_hangedman_gut,
          serial_sigils_hangedman_quiver
Depths:3: minmay_textured_paths, layout_honeycomb, serial_shops, bzr_entry_road,
          basic_altar, hell_entry, hangedman_abyss_entry_splay,
          minmay_protected_statue, infiniplex_staircase_trident,
          uniq_enchantress
Depths:4: evilmike_zot_entry_hall, layout_basic, abyss_entry_crystal, pan_entry,
          hell_entry, tgw_xom, uniq_mennas, uniq_grunn
Hell
Zot:1:    layout_gridville
Zot:2:    layout_gridlike, ebering_ghost_inner_flame, lemuel_baited_zot_trap,
          grunt_ministairs_1, uniq_josephina
Zot:3:    kennysheep_six_static_rooms, layout_twisted_circle
Zot:4:    layout_misc_corridors, uniq_parghit
Zot:5:    layout_gridlike, st_stairs_10

Skill      XL: |  1  2  3  4  5  6  7  8  9 10 11 12 13 14 15 16 17 18 19 20 21 22 23 24 25 26 27 |
---------------+----------------------------------------------------------------------------------+-----
Dodging        | 3 4 5 6 8 9 10 11 12 13 14 15 16 17 18 19 20 21 | 21.7
Fighting       | 3 4 5 6 7 9 11 12 13 14 15 16 18 19 20 21 22 23 24 25 27 | 27.0
Long Blades    | 4 5 6 7 9 10 11 12 13 14 | 14.0
Shields        | 2 3 4 5 6 8 9 11 12 13 14 15 16 17 18 19 20 21 22 23 26 | 26.2
Invocations    | 2 12 13 14 16 17 18 19 20 21 22 23 24 25 27 | 27.0
Stealth        | 8 10 | 10.0
Throwing       | |  1.7

Action                   |  1- 3 |  4- 6 |  7- 9 | 10-12 | 13-15 | 16-18 | 19-21 | 22-24 | 25-27 || total
-------------------------+-------+-------+-------+-------+-------+-------+-------+-------+-------++-------
Melee: Long sword        |    86 |    72 |   190 |   174 |       |       |       |       |       ||   522
       Tailslap          |     8 |    19 |    37 |    63 |   169 |   264 |   268 |   572 |   598 ||  1998
       Dagger            |     9 |    95 |    37 |    37 |     9 |     4 |       |       |       ||   191
       Punch             |     1 |       |       |       |       |       |       |       |       ||     1
       Demon blade       |       |       |       |   174 |   934 |  1127 |  1245 |  1154 |  2134 ||  6768
       Eudemon blade     |       |       |       |       |       |       |       |   930 |       ||   930
       Headbutt          |       |       |       |       |       |       |       |       |   460 ||   460
Throw: Throwing net      |     3 |       |     1 |     1 |     2 |       |       |       |       ||     7
Invok: Stomp             |       |       |     1 |    26 |    52 |    54 |    41 |    15 |    40 ||   229
       Line Pass         |       |       |       |     2 |     3 |     3 |     7 |    12 |     9 ||    36
       Grand Finale      |       |       |       |       |     1 |     2 |     2 |     2 |     5 ||    12
 Abil: Breathe Steam     |       |       |    24 |    55 |   107 |    45 |    56 |    60 |    81 ||   428
Evoke: Wand              |       |       |     2 |     3 |       |    20 |     8 |    32 |     8 ||    73
  Use: Scroll            |     6 |     1 |     9 |    11 |    10 |    11 |     3 |    12 |     7 ||    70
       Potion            |     1 |       |     1 |     2 |     5 |     3 |       |    14 |    12 ||    38
 Stab: Sleeping          |     1 |     1 |       |       |     4 |    13 |    11 |     6 |     6 ||    42
       Paralysed         |       |       |       |    30 |    75 |   104 |   155 |   235 |   187 ||   786
       Distracted        |       |       |       |       |     1 |     3 |     4 |     1 |     5 ||    14
       Confused          |       |       |       |       |     2 |     5 |     4 |     6 |    14 ||    31
Armor: Skin              |    28 |    34 |    44 |    98 |   130 |   155 |    74 |   118 |   129 ||   810
Dodge: Dodged            |    61 |   115 |   162 |   232 |   425 |   573 |   433 |   633 |   770 ||  3404
Block: Kite shield       |     6 |    89 |   115 |   268 |   839 |   728 |       |       |       ||  2045
       Reflection        |       |       |       |       |    51 |   119 |   109 |    63 |    37 ||   379
       Tower shield      |       |       |       |       |       |   370 |  1418 |  2164 |  2231 ||  6183

Table legend: (Time is in decaauts)
 A = Elapsed time spent in this place.
 B = Non-inter-level travel time spent in this place.
 C = Inter-level travel time spent in this place.
 D = Time resting spent in this place.
 E = Time spent auto-exploring this place.
 F = Levels seen in this place.
 G = Mean time per level.
                   A        B        C        D        E       F      G
               +--------+--------+--------+--------+--------+-----+--------+
         Total |  76346 |  69598 |   6748 |  19531 |  30584 |  69 | 1106.5 |
       Dungeon |  15188 |  13206 |   1982 |   2296 |   8272 |  15 | 1012.5 |
        Temple |     88 |     74 |     14 |      0 |     60 |   1 |   88.0 |
          Lair |   7632 |   6744 |    888 |   1803 |   3644 |   5 | 1526.4 |
         Swamp |   3500 |   3355 |    145 |    778 |   1701 |   4 |  875.0 |
     Snake Pit |   4686 |   4285 |    401 |    387 |   2965 |   4 | 1171.5 |
    Slime Pits |   1646 |   1549 |     97 |    830 |      0 |   5 |  329.2 |
  Orcish Mines |   2392 |   2174 |    218 |    427 |   1029 |   2 | 1196.0 |
   Elven Halls |   4544 |   4253 |    291 |   1075 |   1945 |   3 | 1514.7 |
        Vaults |  10001 |   9136 |    865 |   2802 |   4167 |   5 | 2000.2 |
         Crypt |   3989 |   3666 |    323 |    863 |   1362 |   3 | 1329.7 |
        Depths |   8254 |   7265 |    989 |   2658 |   3328 |   4 | 2063.5 |
          Hell |   1314 |   1291 |     23 |    481 |    224 |   1 | 1314.0 |
           Zot |   9549 |   9042 |    507 |   4139 |   1601 |   5 | 1909.8 |
         Abyss |   1462 |   1462 |      0 |    424 |      0 |   7 |  208.9 |
        Bazaar |     72 |     72 |      0 |      0 |     60 |   1 |   72.0 |
         Trove |     38 |     38 |      0 |      0 |      0 |   1 |   38.0 |
         Sewer |    560 |    560 |      0 |     66 |    206 |   1 |  560.0 |
      Ice Cave |    106 |    106 |      0 |     22 |      0 |   1 |  106.0 |
        Wizlab |   1314 |   1314 |      0 |    476 |     19 |   1 | 1314.0 |
               +--------+--------+--------+--------+--------+-----+--------+

Top non-repeatable levels by time:
   Zot:3: 2815 daAuts
Depths:2: 2808 daAuts
   Zot:2: 2626 daAuts
Depths:4: 2433 daAuts
Vaults:4: 2428 daAuts
Vaults:2: 2373 daAuts
 Crypt:3: 2244 daAuts
  Lair:5: 2196 daAuts
Vaults:1: 2010 daAuts
Vaults:5: 1837 daAuts
   Zot:1: 1835 daAuts
  Lair:4: 1654 daAuts
   Elf:2: 1630 daAuts
   Orc:2: 1625 daAuts
    D:10: 1619 daAuts
